 Dungeon Crawl Stone Soup version 0.24-a0-181-gd121a6d (webtiles) character file.

Game seed: 10040513167370320816

29 galech the Skirmisher (level 3, 29/29 HPs)
             Began as a Demonspawn Fighter on Mar 14, 2019.
             Quit the game on level 1 of the Dungeon.
             The game lasted 00:00:36 (574 turns).

galech the Skirmisher (Demonspawn Fighter)           Turns: 574, Time: 00:00:36

Health: 29/29      AC:  8    Str: 16    XL:     3   Next: 1%
Magic:  3/3        EV:  6    Int:  9    God:
Gold:   30         SH:  9    Dex: 13    Spells: 2/2 levels left

rFire    . . .     SeeInvis .   a - +0 war axe
rCold    . . .     Gourm    .   c - +0 shield
rNeg     . . .     Faith    .   b - +0 scale mail
rPois    .         Spirit   .   (no helmet)
rElec    .         Reflect  .   (no cloak)
rCorr    .         Harm     .   (no gloves)
MR       .....                  (no boots)
Stlth    +.........             (no amulet)
HPRegen  0.09/turn              (no ring)
MPRegen  0.08/turn              (no ring)

@: no status effects
A: iridescent scales 1, nightstalker 1
a: no special abilities


You were on level 1 of the Dungeon.
You were not hungry.

You visited 1 branch of the dungeon, and saw 1 of its levels.

You collected 30 gold pieces.

Inventory:

Hand Weapons
 a - a +0 war axe (weapon)
Armour
 b - a +0 scale mail (worn)
 c - a +0 shield (worn)
Scrolls
 e - a scroll of remove curse {unknown}
Potions
 d - a potion of might
 h - a potion of heal wounds {unknown}
 i - a potion of degeneration {unknown}
Comestibles
 f - 4 rations
 g - 5 chunks of flesh


   Skills:
 + Level 3.3 Fighting
 + Level 2.3 Axes
 + Level 2.8 Armour
 + Level 3.0 Shields


You had 2 spell levels left.
You didn't know any spells.
Your spell library was empty.

Dungeon Overview and Level Annotations

Branches:
Dungeon (1/15)

Altars:


Innate Abilities, Weirdness & Mutations

You are partially covered in iridescent scales. (AC +2)
You are slightly more attuned to the shadows.


Message History

You kill the jackal!
You block the jackal's attack.
You closely miss the jackal. The jackal barely misses you.
The jackal bites you but does no damage.
You slash the jackal!
You kill the jackal!
The jackal closely misses you.
You hit the jackal.
The jackal is severely wounded.
You block the jackal's attack.
The jackal bites you but does no damage.
You slash the jackal!
You kill the jackal!
You have reached level 3!
Your experience leads to an increase in your attributes!
Increase (S)trength, (I)ntelligence, or (D)exterity?
You feel agile.
Your demonic ancestry asserts itself...
You slip into the darkness of the dungeon.
The jackal bites you but does no damage.
Are you sure you want to abandon this character and quit the game? (Confirm with "yes".)

#.# ##...##...†.......
##.#####..<#.÷...†.(.....
#...........##...........
#...........###......(..#
#.#######...# ##.......##
#.# #...# ######### #.#
###..).. ..
#.#########..... ...
#.......@h...... ###
######.####...## # #...
... # #.### # # #.# #.#
#.# ..#


You could see a jackal.

Vanquished Creatures
  A dart slug (D:1)
  A ball python (D:1)
  2 goblins (D:1)
  3 hobgoblins (D:1)
  3 jackals (D:1)
  2 kobolds (D:1)
  2 bats (D:1)
  13 rats (D:1)
27 creatures vanquished.

Notes
Turn   | Place    | Note
-------+----------+-------------------------------------------
     0 | D:1      | galech the Demonspawn Fighter began the quest for the Orb.
     0 | D:1      | Reached XP level 1. HP: 18/18 MP: 1/1
    37 | D:1      | Gained mutation: You are partially covered in iridescent
                  | scales. (AC +2) [demonic ancestry]
    37 | D:1      | Reached XP level 2. HP: 19/24 MP: 2/2
   573 | D:1      | Gained mutation: You are slightly more attuned to the
                  | shadows. [demonic ancestry]
   573 | D:1      | Reached XP level 3. HP: 29/29 MP: 3/3
   574 | D:1      | Quit the game

Levels and vault maps discovered:
D:1:      erik_arrival_orb_chamber, layout_loops_ring

Skill      XL: |  1  2 |
---------------+-------+-----
Shields        | 3 |  3.0
Axes           | 2 |  2.3
Fighting       | |  3.3
Armour         | |  2.8

Action                   || total
-------------------------++-------
Melee: War axe           ||    71
Armor: Scale mail        ||    33
Dodge: Dodged            ||    18
Block: Shield            ||    40

Table legend:
 A = Non-vault XP
 B = Vault XP
 C = Vault XP percentage of total XP
 D = Non-vault monster count
 E = Vault monster count
 F = Vault count percentage of total count
                 A         B        C        D         E       F
            +---------+---------+-------+---------+---------+-------
      Total |      30 |      12 |  28.6 |      15 |      12 |  44.4
            +---------+---------+-------+---------+---------+-------
        D:1 |      30 |      12 |  28.6 |      15 |      12 |  44.4
            +---------+---------+-------+---------+---------+-------
